 Dungeon Crawl Stone Soup version 0.27-a0-1228-gfd60fd639a (webtiles) character file.

Game seed: 8286760508916036040

9 Wyvernaa the Cudgeller (level 2, -4/17 HPs)
             Began as a Gargoyle Gladiator on June 7, 2021.
             Slain by a worm (5 damage)
             ... on level 2 of the Dungeon.
             The game lasted 00:01:34 (1158 turns).

Wyvernaa the Cudgeller (Gargoyle Gladiator)         Turns: 1158, Time: 00:01:35

Health: -4/17      AC:  8    Str: 17    XL:     2   Next: 16%
Magic:  2/2        EV:  9    Int:  8    God:
Gold:   93         SH:  7    Dex: 11    Spells: 1/1 levels left

rFire    . . .     SeeInvis .   a - +0 flail
rCold    . . .     Faith    .   e - +0 kite shield
rNeg     + . .     Spirit   .   b - +0 leather armour
rPois    ∞         Reflect  .   c - +0 helmet
rElec    +         Harm     .   m - +1 cloak
rCorr    .         Rampage  .   (no gloves)
Will     .....                  (no boots)
Stlth    +.........             (no amulet)
HPRegen  0.05/turn              (no ring)
MPRegen  0.08/turn              (no ring)

@: no status effects
A: sickness immunity, AC +2, negative energy resistance 1, electricity
resistance, torment resistance 1, petrification resistance
a: no special abilities


You were on level 2 of the Dungeon.
You visited 1 branch of the dungeon, and saw 2 of its levels.

You collected 93 gold pieces.

Inventory:

Hand Weapons
 a - a +0 flail (weapon)
Missiles
 d - 3 throwing nets (quivered)
Armour
 b - a +0 leather armour (worn)
 c - a +0 helmet (worn)
 e - a +0 kite shield (worn)
 m - a +1 cloak (worn)
Jewellery
 f - a ring of protection from fire
 o - an amulet of the acrobat
Scrolls
 h - a scroll of enchant armour {unknown}
 k - a scroll of amnesia {unknown}
 l - a scroll of teleportation {unknown}
 n - 2 scrolls of noise {unknown}
Potions
 g - a potion of curing
 i - a potion of heal wounds {unknown}
 j - a potion of might {unknown}


   Skills:
 + Level 2.2 Fighting
 * Level 3.2 Maces & Flails
 + Level 1.8 Throwing
 * Level 0.1 Armour
 + Level 2.6 Dodging
 * Level 0.2 Shields


You had one spell level left.
You didn't know any spells.
Your spell library was empty.

Dungeon Overview and Level Annotations

Branches:
Dungeon (2/15)

Altars:


Innate Abilities, Weirdness & Mutations

You are immune to sickness and miasma.
Your stone body is resilient. (AC +2)
You are immune to poison.
You resist negative energy. (rN+)
You are resistant to electric shocks. (rElec)
You are resistant to unholy torment.
You are immune to petrification.


Message History

The rat is moderately wounded.
The rat bites you but does no damage. The rat barely misses you.
You hit the rat but do no damage.
The rat is moderately wounded.
You block the rat's attack.
You sock the rat!
You kill the rat!
No target in view!
You see here a rat corpse.
You now have 93 gold pieces (gained 6).
o - an amulet of the acrobat A worm comes into view.
A worm is nearby!
A worm is nearby!
A worm is nearby!
You barely miss the worm. The worm bites you!
Ouch! That really hurt!
You are too injured to fight recklessly!
You are too injured to fight recklessly!
You are too injured to fight recklessly!
You barely miss the worm. The worm barely misses you.
You hit the worm.
The worm is moderately wounded.
You barely miss the worm.
The worm is moderately wounded.
You block the worm's attack.
You hit the worm.
The worm is heavily wounded.
The worm bites you.
Your shield prevents you from hitting the worm.
The worm is heavily wounded.
The worm closely misses you.
You barely miss the worm.
The worm is moderately wounded.
The worm bites you.
* * * LOW HITPOINT WARNING * * *
You sock the worm!
The worm is almost dead.
The worm bites you.
You die...

#..###.# #..#
#†.# ##..# #...#
##### #.#.# #...
#.#.# #..# #.#.#
#######..####.#.
#.#.#
........@.......
#.#.#
#######.#w######
#.#.# #...#...
....#####
#.#####...
........#####...#
...#
..#####.........#
.## ###
#########...# #
...... ..###.


You could see a worm.

Vanquished Creatures
  3 bats
  3 goblins
  A quokka (D:2)
  A ball python (D:1)
  2 rats
10 creatures vanquished.

Notes
Turn   | Place    | Note
-------+----------+-------------------------------------------
     0 | D:1      | Wyvernaa the Gargoyle Gladiator began the quest for the
                  | Orb.
     0 | D:1      | Reached XP level 1. HP: 12/12 MP: 1/1
   845 | D:2      | Reached XP level 2. HP: 15/17 MP: 2/2
   958 | D:2      | Found a faded altar of an unknown god.
  1158 | D:2      | Slain by a worm

Illustrated notes

Levels and vault maps discovered:
D:1:      dpeg_arrival_simpleton_a, layout_basic, minmay_misc_feat_columns,
          nrook_campfire, hangedman_decor_growths
D:2:      layout_loops_ring, basic_altar, shapermc_ecumenical_altar_mp_highgroup

Action                   || total
-------------------------++-------
Melee: Flail             ||    44
  Use: Scroll            ||     1
Armor: Leather armour    ||    23
Dodge: Dodged            ||    36
Block: Kite shield       ||    10

Table legend: (Time is in decaauts)
 A = Elapsed time spent in this place.
 B = Non-inter-level travel time spent in this place.
 C = Inter-level travel time spent in this place.
 D = Time resting spent in this place.
 E = Time spent auto-exploring this place.
 F = Levels seen in this place.
 G = Mean time per level.
                   A        B        C        D        E       F      G
               +--------+--------+--------+--------+--------+-----+--------+
         Total |   1174 |   1121 |     53 |      0 |    982 |   2 |  587.0 |
       Dungeon |   1174 |   1121 |     53 |      0 |    982 |   2 |  587.0 |
               +--------+--------+--------+--------+--------+-----+--------+

Top non-repeatable levels by time:
     D:1: 743 daAuts
     D:2: 431 daAuts
